 Dungeon Crawl Stone Soup version 0.30.0-5-g1a98f26d00 (webtiles) character file.

Game seed: 11860092986428129172

58361 SnakkuSnakku7 the Black Belt (level 14, -2/116 HPs)
             Began as a Vampire Hedge Wizard on May 12, 2023.
             Was a Follower of Wu Jian.
             Slain by a tyrant leech (25 damage)
             ... on level 5 of the Lair of Beasts.
             The game lasted 00:29:51 (14415 turns).

SnakkuSnakku7 the Black Belt (VpHW)                Turns: 14415, Time: 00:29:52

Health: -2/116     AC: -1    Str: 13    XL:     14   Next: 49%
Magic:  18/18      EV: 18    Int: 17    God:    Wu Jian [*.....]
Gold:   816        SH:  5    Dex: 14    Spells: 18/19 levels left

rFire   . .          .
                       - Unarmed
rCold   . . .        F - +0 buckler
rNeg    . . .        c - +3 scale mail {rPois}
rPois   +            k - +0 helmet
rElec   .            e - +0 cloak
rCorr   .            G - +0 pair of gloves
SInv    +            r - +2 pair of boots
Will    +....        N - amulet of regeneration Stlth
                     C - +4 ring of protection
HPRegen 1.39/turn    u - ring "Gidop" {EV+5 Slay+3}
MPRegen 0.16/turn

%: no passive effects
@: mighty, corroded, healing quickly, hasted, unable to read, very quick
A: alive, fangs 3, see invisible, inability to read after injury 2, no stealth,
inability to use devices, hated by all, inability to train armour, vampiric 2
a: Exsanguinate, Renounce Religion


You were on level 5 of the Lair of Beasts.
You worshipped Wu Jian.
Wu Jian was aware of your devotion.
You visited 3 branches of the dungeon, and saw 16 of its levels.
You also visited: Gauntlet.

You collected 1871 gold pieces.
You spent 1055 gold pieces at shops.

Inventory:

Missiles
 H - 7 throwing nets (quivered)
Armour
 c - a +3 scale mail of poison resistance (worn)
 e - a +0 cloak (worn)
 k - a +0 helmet (worn)
 r - a +2 pair of boots (worn)
 F - a +0 buckler (worn)
 G - a +0 pair of gloves (worn)
 Q - a +0 tower shield
 S - +0 swamp dragon scales
Jewellery
 q - a ring of resist corrosion
 u - the ring "Gidop" (right hand) {EV+5 Slay+3}
   (You found it on level 3 of the Dungeon)

   [ring of evasion]

   EV:        It affects your evasion (+5).
   Slay:      It affects your accuracy & damage with ranged weapons and melee
   (+3).
 C - a +4 ring of protection (left hand)
 N - an amulet of regeneration (around neck)
 O - a ring of ice
 P - a +5 ring of evasion
Scrolls
 a - 2 scrolls of immolation
 b - 3 scrolls of silence
 m - 3 scrolls of enchant armour {unknown}
 n - 2 scrolls of blinking {unknown}
 s - 5 scrolls of fog
 t - 11 scrolls of teleportation
 x - a scroll of vulnerability {unknown}
 y - 2 scrolls of identify
 B - 3 scrolls of amnesia
 E - 2 scrolls of magic mapping
 I - a scroll of torment {unknown}
 J - a scroll of poison
 R - 3 scrolls of fear
Potions
 d - 4 potions of magic
 f - 11 potions of curing
 g - 4 potions of brilliance
 h - 2 potions of flight
 j - 2 potions of resistance
 l - 2 potions of ambrosia
 v - 8 potions of attraction
 w - 2 potions of mutation


   Skills:
 - Level 12.9 Fighting
 - Level 3.1 Throwing
 - Level 12.0 Dodging
 - Level 3.0 Shields
 - Level 15.5 Unarmed Combat
 - Level 3.0 Spellcasting
 - Level 0.6 Conjurations
 - Level 0.7 Translocations
 + Level 9.0 Transmutations


You had 18 spell levels left.
You knew the following spells:

 Your Spells              Type           Power      Damage    Failure   Level
a - Magic Dart            Conj           16%        1d3       67%         1

Your spell library contained the following spells:

 Spells                   Type           Power      Damage    Failure   Level
 Necrotise                Necr           8%         1d4       75%         1
 Slow                     Hex            8%         N/A       75%         1
 Blink                    Tloc           10%        N/A       80%         2
 Cigotuvi's Dreadful Rot  Necr/Pois/Air  4%         N/A       87%         2
 Mephitic Cloud           Conj/Pois/Air  3%         N/A       97%         3
 Portal Projectile        Hex/Tloc       6%         N/A       97%         3
 Vhi's Electric Charge    Tloc/Air       6%         N/A       97%         3
 Confusing Touch          Hex            2%         N/A       98%         3
 Ozocubu's Armour         Ice            2%         N/A       98%         3
 Vampiric Draining        Necr           2%         2d6       98%         3
 Yara's Violent Unravell  Hex/Tmut       9%         3d6       99%         5
 Cause Fear               Hex            1%         N/A       100%        4
 Leda's Liquefaction      Hex/Erth       1%         N/A       100%        4
 Manifold Assault         Tloc           5%         N/A       100%        4
 Passage of Golubria      Tloc           5%         N/A       100%        4
 Agony                    Necr           2%         N/A       100%        5
 Arcjolt                  Conj/Air       1%         1d11      100%        5
 Lee's Rapid Deconstruct  Erth           1%         3d4*      100%        5
 Metabolic Englaciation   Hex/Ice        1%         N/A       100%        5
 Statue Form              Tmut/Erth      12%        N/A       100%        6
 Maxwell's Capacitive Co  Air            1%         ∞         100%        8
 Call Imp                 Summ           Unusable   N/A       N/A         2
 Tukima's Dance           Hex            Unusable   N/A       N/A         3
 Death Channel            Necr           Unusable   N/A       N/A         6
 Simulacrum               Ice/Necr       Unusable   N/A       N/A         6
 Summon Cactus Giant      Summ           Unusable   N/A       N/A         6

Dungeon Overview and Level Annotations

Branches:
Dungeon (10/15)            Temple (1/1) D:5            Lair (5/5) D:10
 Shoals (0/4) Lair:2        Snake (0/4) Lair:3        Slime (0/5) Lair:4
    Orc (0/2) D:9         Gauntlet (visited)

Altars:
Ashenzari
Cheibriados
Dithmenos
Gozag
Kikubaaqudgha
Makhleb
Nemelex Xobeh
Okawaru
Qazlal
Ru
Sif Muna
Trog
Uskayaw
Vehumet
Wu Jian
Xom

Shops:
D:5 *:   D:8 =[   D:10 *


Innate Abilities, Weirdness & Mutations

Your natural rate of healing is accelerated.
You have razor-sharp teeth.
You have supernaturally acute eyesight. (SInv)
You sometimes lose the ability to read scrolls when taking damage.
You cannot be stealthy.
You cannot study or use magical devices.
You are hated by all.
You cannot train Armour skill.
You are afflicted with vampirism and can become a bat while bloodless.


Message History

You feel much better. You block the tyrant leech's attack.
The goliath frog hits you from afar!! The acid corrodes you!
You are splashed with acid!
You feel much better.
You feel very mighty all of a sudden. The goliath frog hits you from afar!!
You are splashed with acid!
The tyrant leech bites you.
The tyrant leech draws strength from your injuries!
Unknown command.
You hit the tyrant leech.
The tyrant leech is lightly wounded.
The goliath frog hits you from afar!!
* * * LOW HITPOINT WARNING * * *
You are splashed with acid!
* * * LOW HITPOINT WARNING * * *
You hit the tyrant leech but do no damage.
The tyrant leech is lightly wounded.
Unknown command.
You feel much better. The goliath frog completely misses you.
The tyrant leech completely misses you.
You hit the tyrant leech.
The tyrant leech is lightly wounded.
The goliath frog hits you from afar!!
* * * LOW HITPOINT WARNING * * *
You are splashed with acid!
* * * LOW HITPOINT WARNING * * *
You feel much better. The tyrant leech completely misses you.
The goliath frog hits you from afar!
* * * LOW HITPOINT WARNING * * *
You are splashed with acid!
* * * LOW HITPOINT WARNING * * *
Okay, then.
You miss the tyrant leech. Your bite misses the tyrant leech.
The tyrant leech is lightly wounded.
You feel much better. The goliath frog hits you from afar!
* * * LOW HITPOINT WARNING * * *
You are splashed with acid!
* * * LOW HITPOINT WARNING * * *
The tyrant leech bites you!!
You die...

~~~~P..~..........
.............
~~~P~.~...........
............
~~~~.~............
#..Y.......
P~~.....†#.......P
#..Y.......
.≈~.~P.##........#
##.Y.....# #~~PPP#~P.......#
##Fw.....##
#...~.~.......###
##.....P###
#...~.....w..#######FY....P#
####......Y.## #@#.Y.......#
#.........F## ##wFY....P.##
.........YY# ###.YY.<...###
........YF.###........###
............##........#
.....<....Y###.......P#
........_...#..........#
........††........#.####
.................####


You could see 3 elephants, a tyrant leech and a goliath frog.

Vanquished Creatures
  A quicksilver ooze (Gauntlet)
  3 hydras
  2 catoblepae
  A boulder beetle (D:7)
  A two-headed ogre (D:7)
  Amaemon (Lair:3)
  A skyshark (Lair:3)
  2 ugly things (D:7)
  An oklob plant (Lair:3)
  A cyclops (D:10)
  2 black mambas
  Joseph (D:8)
  7 elephants (Lair:5)
  A gargoyle (Gauntlet)
  20 cane toads
  A rime drake (Lair:2)
  Maggie (Lair:1)
  6 komodo dragons
  An efreet (D:7)
  2 trolls
  3 hornets
  A polar bear (Lair:5)
  11 blink frogs
  2 centaur simulacra (Gauntlet)
  11 small abominations (Gauntlet)
  3 wyverns
  34 yaks
  A wraith (D:10)
  4 shadows
  3 vampire mosquitoes (Lair:5)
  3 basilisks
  A warg (D:9)
  4 large abominations (Gauntlet)
  2 nagas (Lair:3)
  A harpy simulacrum (Gauntlet)
  13 water moccasins
  Duvessa (D:6)
  5 orc warriors
  A sky beast (D:8)
  A black bear (D:6)
  An ice beast (D:8)
  4 ogres
  14 wolves
  3 centaurs (D:8)
  11 bullfrogs
  3 kobold brigands
  3 gnoll sergeants (D:5)
  2 scorpions
  7 wights
  Dowan (D:6)
  6 killer bees (D:7)
  5 howler monkeys
  3 jellies
  13 hounds
  8 orc priests
  3 sleepcaps
  4 gnoll boudas
  10 iguanas
  16 orc wizards
  36 gnolls
  8 adders
  A shadow imp (D:7)
  An ufetubus (D:6)
  4 dart slugs
  29 orcs
  7 ball pythons
  7 bats
  5 endoplasms
  5 giant cockroaches
  11 hobgoblins
  6 jackals
  6 quokkas
  9 frilled lizards
  5 goblins
  17 kobolds
  10 rats
445 creatures vanquished.

Vanquished Creatures (others)
  A minotaur (Gauntlet)
  An orange demon (Lair:3)
  A yak (Lair:1)
  An ice beast (D:7)
  A bullfrog (Lair:1)
  A kobold (D:7)
6 creatures vanquished.

Grand Total: 451 creatures vanquished

Notes
Turn   | Place    | Note
-------+----------+-------------------------------------------
     0 | D:1      | SnakkuSnakku7 the Vampire Hedge Wizard began the quest for
                  | the Orb.
     0 | D:1      | Reached XP level 1. HP: 13/13 MP: 4/4
   143 | D:1      | Reached skill level 1 in Unarmed Combat
   158 | D:1      | Reached skill level 1 in Fighting
   158 | D:1      | Reached XP level 2. HP: 21/21 MP: 6/6
   794 | D:2      | Reached skill level 2 in Unarmed Combat
   808 | D:2      | Gained mutation: You are afflicted with vampirism and can
                  | become a bat while bloodless. [Vampire growth]
   808 | D:2      | Reached XP level 3. HP: 26/26 MP: 7/7
  1260 | D:2      | You fall into a shaft and drop 1 floor!
  1267 | D:3      | Got the Catalogue of Ensnaring Wanderlust
  1273 | D:3      | Identified the ring "Gidop" {EV+5 Slay+3}
  1569 | D:3      | Reached skill level 1 in Throwing
  1603 | D:3      | Reached XP level 4. HP: 33/33 MP: 8/8
  1687 | D:3      | Reached skill level 3 in Unarmed Combat
  2004 | D:3      | Reached XP level 5. HP: 38/38 MP: 9/9
  2459 | D:4      | Reached skill level 4 in Unarmed Combat
  2566 | D:4      | Reached XP level 6. HP: 30/44 MP: 10/10
  2922 | D:4      | Reached skill level 5 in Unarmed Combat
  3050 | D:4      | Reached skill level 1 in Shields
  3318 | D:5      | Entered Level 5 of the Dungeon
  3382 | D:4      | Reached XP level 7. HP: 36/49 MP: 11/11
  3455 | D:5      | Found Tahasil's Antique Armour Boutique.
  3471 | D:5      | Reached skill level 6 in Unarmed Combat
  3707 | D:5      | Found a staircase to the Ecumenical Temple.
  3804 | D:5      | Reached skill level 7 in Unarmed Combat
  3820 | Temple   | Entered the Ecumenical Temple
  4059 | D:5      | Found an ornate altar of the Wu Jian Council.
  4063 | D:5      | Found a sacrificial altar of Ru.
  4080 | D:5      | Became a worshipper of Ru the Awakened
  4171 | D:5      | Reached XP level 8. HP: 55/55 MP: 12/12
  4218 | D:5      | Reached skill level 8 in Unarmed Combat
  4506 | D:5      | Found Vatem's Assorted Antiques.
  4514 | D:5      | Bought a scroll labelled OPOZUAMPI ICSO for 26 gold pieces
  4514 | D:5      | Bought a scroll labelled IHILAF USORI for 26 gold pieces
  4514 | D:5      | Bought a glowing robe for 96 gold pieces
  4514 | D:5      | Bought a scroll labelled TISEAPH PIHOAT for 26 gold pieces
  4514 | D:5      | Bought a scroll labelled TISEAPH PIHOAT for 26 gold pieces
  4514 | D:5      | Bought a blue potion for 23 gold pieces
  4514 | D:5      | Bought a scroll labelled TISEAPH PIHOAT for 26 gold pieces
  4524 | D:5      | Bought a ruby potion for 23 gold pieces
  4547 | D:5      | Found Ejozych's Book Boutique.
  4556 | D:5      | Reached skill level 9 in Unarmed Combat
  5237 | D:6      | Reached skill level 10 in Unarmed Combat
  5798 | D:6      | Reached skill level 11 in Unarmed Combat
  5798 | D:6      | Reached XP level 9. HP: 52/61 MP: 13/13
  5857 | D:6      | Gained mutation: You cannot train Armour skill. [Ru
                  | sacrifice]
  5857 | D:6      | Reached * piety under Ru
  5984 | D:6      | Noticed Dowan
  5985 | D:6      | Noticed Duvessa
  6005 | D:6      | Killed Duvessa
  6019 | D:6      | Killed Dowan
  6217 | D:7      | Reached skill level 12 in Unarmed Combat
  6519 | D:7      | Noticed a two-headed ogre
  6542 | D:7      | Killed a two-headed ogre
  6783 | D:7      | Reached XP level 10. HP: 76/76 MP: 14/14
  6840 | D:7      | Reached skill level 13 in Unarmed Combat
  6845 | D:7      | Noticed a boulder beetle
  6863 | D:7      | Killed a boulder beetle
  6882 | D:7      | Noticed a brown ugly thing
  6900 | D:7      | Killed a brown ugly thing
  6901 | D:7      | Reached skill level 14 in Unarmed Combat
  7048 | D:7      | Got Wochidicw's Advanced Hermetics
  7049 | D:7      | Noticed a red ugly thing
  7059 | D:7      | Killed a red ugly thing
  7542 | D:8      | Reached skill level 15 in Unarmed Combat
  7661 | D:8      | Noticed Joseph
  7678 | D:8      | Killed Joseph
  7690 | D:8      | Reached skill level 5 in Dodging
  7693 | D:8      | Reached XP level 11. HP: 62/81 MP: 15/15
  7731 | D:8      | Identified a scroll of acquirement
  7732 | D:8      | Acquired 756 gold pieces
  7910 | D:8      | Found Goeton's Antique Armour Emporium.
  7925 | D:8      | Bought a distressingly furry robe for 125 gold pieces
  7925 | D:8      | Identified the +2 robe "Minlix" {Harm Dex+2} (You bought it
                  | in a shop on level 8 of the Dungeon)
  7925 | D:8      | Bought a smoking robe for 125 gold pieces
  7925 | D:8      | Identified the +1 robe "Meon" {Str+6 Int+6 Dex-4} (You
                  | bought it in a shop on level 8 of the Dungeon)
  8003 | D:8      | Found Agaenwe's Jewellery Boutique.
  8007 | D:8      | Bought an amulet of regeneration for 330 gold pieces
  8101 | D:8      | Gained mutation: You occasionally lose the ability to read
                  | scrolls when taking damage. [Ru sacrifice]
  8101 | D:8      | Gained mutation: You sometimes lose the ability to read
                  | scrolls when taking damage. [Ru sacrifice]
  8101 | D:8      | Reached ** piety under Ru
  8231 | D:9      | Found a staircase to the Orcish Mines.
  8846 | D:10     | Entered Level 10 of the Dungeon
  8910 | D:10     | Found Muzuj's Assorted Antiques.
  8938 | D:10     | Bought a scroll of fog for 116 gold pieces
  8938 | D:10     | Bought a scroll of teleportation for 87 gold pieces
  8983 | D:10     | Found a staircase to the Lair.
  9017 | D:10     | Paralysed by a hornet for 2 turns
  9059 | D:10     | Identified the +7 hand axe "Killer Klown's Bane" {venom,
                  | rCorr}
  9433 | Lair:1   | Entered Level 1 of the Lair of Beasts
  9447 | Lair:1   | Reached skill level 10 in Dodging
  9466 | Lair:1   | Noticed Maggie
  9497 | Lair:1   | Killed Maggie
  9599 | Lair:1   | Found a gate leading to a gauntlet.
  9608 | Gauntlet | Entered a Gauntlet
  9608 | Gauntlet | Found a transporter.
  9618 | Gauntlet | Found a transporter.
  9619 | Gauntlet | Found a transporter.
  9620 | Gauntlet | Found a transporter.
  9621 | Gauntlet | Noticed a catoblepas
  9630 | Gauntlet | Found a transporter.
  9630 | Gauntlet | Found a transporter.
  9631 | Gauntlet | Found a transporter.
  9633 | Gauntlet | Noticed a quicksilver ooze
  9640 | Gauntlet | Found a transporter.
  9642 | Gauntlet | Found a transporter.
  9643 | Gauntlet | Found a transporter.
  9651 | Gauntlet | Found a transporter.
  9654 | Gauntlet | Found a transporter.
  9655 | Gauntlet | Found a transporter.
  9661 | Gauntlet | Found a runed translucent gate.
  9661 | Gauntlet | Found a runed translucent gate.
  9661 | Gauntlet | Found a runed translucent gate.
  9662 | Gauntlet | Gained mutation: You cannot be stealthy. [Ru sacrifice]
  9662 | Gauntlet | Reached *** piety under Ru
  9664 | Gauntlet | Found a transporter.
  9909 | Gauntlet | Killed a catoblepas
  9960 | Gauntlet | Killed a quicksilver ooze
  9961 | Gauntlet | Reached XP level 12. HP: 89/89 MP: 16/16
 10076 | Gauntlet | Identified the -1 hat of Calculation {+Blink rElec MP-9
                  | Dex+4}
 10091 | Gauntlet | Noticed a minotaur
 10103 | Gauntlet | Killed a minotaur
 10110 | Gauntlet | Identified the +6 ring mail "Siamo Moiro" {Fly rF- Int+2}
 11029 | Lair:2   | Noticed a catoblepas
 11055 | Lair:2   | Killed a catoblepas
 11214 | Lair:2   | Reached skill level 10 in Fighting
 11449 | Lair:2   | Found a staircase to the Shoals.
 11773 | Lair:2   | Gained mutation: You cannot study or use magical devices.
                  | [Ru sacrifice]
 11773 | Lair:2   | Reached **** piety under Ru
 11773 | Lair:2   | Reached ***** piety under Ru
 12184 | Lair:3   | Reached XP level 13. HP: 103/109 MP: 17/17
 12205 | Lair:3   | Noticed Amaemon
 12227 | Lair:3   | Reached XP level 14. HP: 59/113 MP: 18/18
 12227 | Lair:3   | Killed Amaemon
 12312 | Lair:3   | Found a staircase to the Snake Pit.
 12877 | Lair:4   | Reached skill level 1 in Transmutations
 13014 | Lair:4   | Reached skill level 5 in Transmutations
 13329 | Lair:4   | Gained mutation: You are hated by all. [Ru sacrifice]
 13329 | Lair:4   | Reached ****** piety under Ru
 13543 | D:5      | Fell from the grace of Ru
 13543 | D:5      | Became a worshipper of the Wu Jian Council
 13813 | Lair:4   | Found a staircase to the Slime Pits.
 14101 | Lair:5   | Entered Level 5 of the Lair of Beasts
 14115 | Lair:5   | Found a shimmering blue altar of Sif Muna.
 14346 | Lair:5   | Reached * piety under Wu Jian
 14415 | Lair:5   | Slain by a tyrant leech

Illustrated notes

Levels and vault maps discovered:
D:1:      onia_arrival_mini_maze, layout_loops_ring, minmay_misc_feat_pillars,
          nicolae_kite_square_tiling_tiny, minmay_distorted
D:2:      layout_loops_ring
D:3:      minmay_general_purpose_star, layout_loops_ring,
          minmay_increasing_density
D:4:      layout_loops_corners, roderic_cross_of_infinity, minmay_lizard_king
D:5:      layout_cave_pools, mainiacjoe_overflow_catch_the_wave,
          minmay_temple_entry_nine_rooms, serial_shops, nicolae_shop_trees,
          serial_gnoll_camp, gnoll_camp_medium_01, gnoll_camp_mini_doghouse,
          gnoll_camp_mini_loothouse, gnoll_camp_mini_shop, gnoll_camp_mini_shop,
          gnoll_camp_medium_02, lightli_minifort
D:6:      layout_basic, uniq_duvessa
D:7:      nzn_winding_woodlands_stair_cross
          [nzn_winding_woodlands_5x15_sawtooth,
          nzn_winding_woodlands_center_diamonds,
          nzn_winding_woodlands_5x15_pool,
          nzn_winding_woodlands_5x5_checkerboard,
          nzn_winding_woodlands_5x5_three, nzn_winding_woodlands_5x15_parted,
          nzn_winding_woodlands_center_triple_pond,
          nzn_winding_woodlands_5x15_longhouse], layout_basic
D:8:      layout_rooms, serial_curves, eino_curves_04, eino_curves_02,
          serial_shops, shop, shop, uniq_joseph
D:9:      layout_irregular_city, david_orc_3
D:10:     layout_basic, lair_entry_dummy, serial_shops, shop
Temple:   nicolae_temple_slightly_damp_pantheon
Lair:1:   layout_layer_cave, gauntlet_entry_generic,
          infiniplex_staircase_pool_2, serial_bayou_shore_a, uniq_maggie
Lair:2:   layout_cellular_growth, shoals_dummy_entry
Lair:3:   layout_hall_layers, guppyfry_snake_entry_island, uniq_amaemon
Lair:4:   layout_regular_city, dpeg_slime_entry_enclosed, grunt_megastairs_5
Lair:5:   minmay_lair_end_frog_pond, layout_hall_layers, basic_altar

Skill      XL: |  1  2  3  4  5  6  7  8  9 10 11 12 13 14 |
---------------+-------------------------------------------+-----
Unarmed Combat | 1 2 3 4 5 7 11 12 15 | 15.5
Fighting       | 1 6 12 | 12.9
Throwing       | 1 2 3 |  3.1
Shields        | 1 3 |  3.0
Dodging        | 5 12 | 12.0
Stealth        | 0 |  0.0
Transmutations | 9 |  9.0
Summonings     | 0 |  0.0
Spellcasting   | |  3.0
Conjurations   | |  0.6
Translocations | |  0.7

Action                     |  1- 3 |  4- 6 |  7- 9 | 10-12 | 13-15 || total
---------------------------+-------+-------+-------+-------+-------++-------
  Melee: Dagger            |    63 |       |       |       |       ||    63
         Bite              |    15 |    20 |    48 |   111 |    47 ||   241
         Unarmed           |    91 |   205 |   447 |   773 |   347 ||  1863
         Punch             |     3 |     2 |       |       |       ||     5
  Throw: Dart              |       |     4 |    13 |    11 |       ||    28
         Throwing net      |       |       |       |     6 |       ||     6
 Invoke: Sacrifice Durabil |       |       |     1 |       |       ||     1
         Draw Out Power    |       |       |       |     1 |       ||     1
         Sacrifice Words   |       |       |       |     1 |       ||     1
         Sacrifice Stealth |       |       |       |     1 |       ||     1
         Sacrifice Artific |       |       |       |     1 |       ||     1
         Sacrifice Love    |       |       |       |       |     1 ||     1
Ability: Lunge             |       |       |       |       |     1 ||     1
         Whirlwind         |       |       |       |       |     1 ||     1
  Evoke: Wand              |       |       |     5 |       |       ||     5
    Use: Scroll            |       |       |    12 |    12 |       ||    24
         Potion            |       |       |     1 |     4 |     9 ||    14
   Stab: Sleeping          |     8 |     7 |     2 |       |       ||    17
         Held in net/web   |       |       |       |     2 |       ||     2
         Distracted        |       |       |       |     2 |     3 ||     5
         Invisible         |       |       |       |       |     1 ||     1
 Armour: Robe              |    27 |    36 |    70 |       |       ||   133
         Scale mail        |       |       |    42 |   200 |   110 ||   352
         Skin              |       |       |       |     7 |       ||     7
  Dodge: Dodged            |   110 |   150 |   287 |   418 |   256 ||  1221
  Block: Buckler           |       |    16 |    93 |   123 |    57 ||   289
